 Dungeon Crawl Stone Soup version 0.30-a0-1160-g6e42c06551 (webtiles) character file.

Game seed: 7332414846511281517

12189 Newt the Covert (level 11, -5/86 HPs)
             Began as a Demonspawn Gladiator on Apr 26, 2023.
             Was an Elder of Makhleb.
             Slain by a skyshark (10 damage)
             ... on level 2 of the Lair of Beasts.
             The game lasted 00:14:27 (13354 turns).

Newt the Covert (Demonspawn Gladiator)             Turns: 13354, Time: 00:14:28

Health: -5/86      AC: 12    Str: 16    XL:     11   Next: 59%
Magic:  11/11      EV: 15    Int:  9    God:    Makhleb [****..]
Gold:   1927       SH: 16    Dex: 18    Spells: 10/10 levels left

rFire   + . .        r - +6 quick blade (flame)
rCold   . . .        B - +0 kite shield
rNeg    . . .        J - +0 acid dragon scales
rPois   .            (helmet restricted)
rElec   .            (no cloak)
rCorr   +            (no gloves)
SInv    .            q - +0 pair of boots
Will    .....        (no amulet)
Stlth   ++++         o - ring of protection from fire
HPRegen 0.34/turn    p - ring of flight
MPRegen 0.12/turn

%: no passive effects
@: flying, studying Shields
A: horns 1, repulsion field 2, icemail 1, condensation shield
a: Renounce Religion, Minor Destruction, Lesser Servant of Makhleb, Major
Destruction


You were on level 2 of the Lair of Beasts.
You worshipped Makhleb.
Makhleb was greatly pleased with you.
You visited 2 branches of the dungeon, and saw 12 of its levels.
You also visited: Sewer.

You collected 1927 gold pieces.

Inventory:

Hand Weapons
 a - a +1 rapier
 i - a +2 dagger of speed
 r - a +6 quick blade of flaming (weapon)
Missiles
 e - a javelin
 k - 128 stones (quivered)
 y - 39 poisoned darts
Armour
 b - a +0 leather armour
 c - a +1 helmet
 q - a +0 pair of boots (worn)
 B - a +0 kite shield (worn)
 J - +0 acid dragon scales (worn)
 P - a +0 leather armour of cold resistance
Jewellery
 o - a ring of protection from fire (left hand)
 p - a ring of flight (right hand)
 v - a ring of protection from fire
 z - a ring of fire
 C - a ring of see invisible
Wands
 A - a wand of mindburst (13)
 E - a wand of iceblast (11)
 H - a wand of flame (11)
 L - a wand of polymorph (4)
Scrolls
 j - a scroll of amnesia
 u - 2 scrolls of fog
 D - 2 scrolls of enchant armour
 F - a scroll of silence
 G - 3 scrolls of teleportation
 O - a scroll of enchant weapon
 Q - a scroll of blinking
 S - a scroll of summoning
Potions
 d - 3 potions of curing
 f - 2 potions of resistance
 g - 7 potions of heal wounds
 h - a potion of brilliance
 l - 2 potions of lignification
 m - 3 potions of berserk rage
 n - 2 potions of attraction
 t - 2 potions of haste
 w - 3 potions of flight
 x - 4 potions of might
 I - 2 potions of degeneration
 N - a potion of invisibility
 R - a potion of magic {unknown}
Miscellaneous
 M - a condenser vane


   Skills:
 - Level 8.0 Fighting
 - Level 8.0 Short Blades
 - Level 4.0 Throwing
 + Level 5.8 Armour
 - Level 4.0 Dodging
 - Level 10.0 Stealth
 - Level 10.0 Shields


You had 10 spell levels left.
You didn't know any spells.
Your spell library contained the following spells:

 Spells                   Type           Power      Damage    Failure   Level
 Shock                    Conj/Air       0%         1d3       75%         1
 Summon Small Mammal      Summ           0%         N/A       75%         1
 Blink                    Tloc           0%         N/A       87%         2
 Lesser Beckoning         Tloc           0%         N/A       87%         2
 Poisonous Vapours        Pois/Air       0%         N/A       87%         2
 Call Canine Familiar     Summ           0%         N/A       98%         3
 Gell's Gravitas          Tloc           0%         N/A       98%         3
 Mephitic Cloud           Conj/Pois/Air  0%         N/A       98%         3
 Summon Guardian Golem    Hex/Summ       0%         N/A       98%         3
 Swiftness                Air            0%         N/A       98%         3
 Teleport Other           Tloc           0%         N/A       98%         3
 Volatile Blastmotes      Fire/Tloc      0%         2d10      98%         3
 Airstrike                Air            0%         2d(0-16)  100%        4
 Fulminant Prism          Conj/Hex       0%         3d5       100%        4
 Iskenderun's Mystic Bla  Conj/Tloc      0%         2d3       100%        4
 Manifold Assault         Tloc           0%         N/A       100%        4
 Freezing Cloud           Conj/Ice/Air   0%         6-21      100%        5
 Lee's Rapid Deconstruct  Erth           0%         3d4*      100%        5
 Storm Form               Tmut/Air       0%         N/A       100%        7


Dungeon Overview and Level Annotations

Branches:
Dungeon (10/15)            Temple (0/1) D:6            Lair (2/5) D:9
  Sewer (visited)
  Swamp: Lair:2-3    Shoals: Lair:2-3     Snake: Lair:2-3    Spider: Lair:2-3
    Orc: D:9-12

Altars:
Ashenzari
Fedhas
Gozag
Makhleb
Ru
Trog
Vehumet
Yredelemnul


Innate Abilities, Weirdness & Mutations

You have a pair of small horns on your head.
You are surrounded by a moderate repulsion field. (EV +3)
A meltable icy envelope protects you from harm. (AC +4)
A meltable shield of frost defends you. (SH +4)


Message History

Press: ? - help, Shift-Dir - straight line, f - skyshark
Aim: a skyshark (moderately wounded, berserk, 73% to hit)
You throw a throwing net. The throwing net hits the skyshark.
The skyshark is caught in the net!
The skyshark is moderately wounded.
The skyshark struggles against the net.
You hit the skyshark. You burn the skyshark.
The skyshark is moderately wounded.
The skyshark struggles against the net.
You strike the helpless skyshark from behind!
You perforate the skyshark like a sieve!!!
You burn the skyshark!
The skyshark is severely wounded.
The skyshark struggles against the net.
You hit the skyshark. You burn the skyshark.
The skyshark is severely wounded.
The skyshark struggles against the net.
You hit the skyshark. You burn the skyshark.
The skyshark is severely wounded.
The skyshark struggles against the net.
The net rips apart, and the skyshark comes free!
You hit the skyshark but do no damage. You headbutt the skyshark.
The skyshark is almost dead.
You block the skyshark's attack. x2; The skyshark tail-slaps you.
You closely miss the skyshark. You headbutt the skyshark!
The skyshark is almost dead.
You completely miss the skyshark. You headbutt the skyshark.
The skyshark is almost dead.
The skyshark bites you!!
* * * LOW HITPOINT WARNING * * *
The skyshark tail-slaps you!
* * * LOW HITPOINT WARNING * * *
The skyshark tail-slaps you but does no damage.
Throw: throwing net
Press: ? - help, Shift-Dir - straight line, f/p - skyshark
Aim: a skyshark (almost dead, berserk, 73% to hit)
You throw a throwing net.
The throwing net closely misses the skyshark.
The skyshark bites you!
You die...

...........# [..........
...........#...##...
............
...........+.....#. ..
..........
..................##. ..
...............⌠....#...
....#.....##.......(....
#P###......#. #......##
#####.....#.###.#l.⌠..#.
##......#.....@.......
###)....................
...........†..⌠..⌠.<.⌠..
~~.....................#
~.........#..†.........#
≈~.........#####...⌠..##
≈≈.#.......####.......#
≈~..#................##
≈~.............⌠....#.


You could see a skyshark (berserk).

Vanquished Creatures
  Harold (D:9)
  A two-headed ogre (D:9)
  A black mamba (Lair:1)
  2 cane toads
  A rime drake (Lair:2)
  A komodo dragon (Lair:2)
  2 trolls (D:10)
  A polar bear (Lair:2)
  3 blink frogs (Lair:1)
  4 wyverns
  A shadow (D:10)
  12 yaks
  A basilisk (Lair:2)
  Edmund (D:4)
  An acid dragon (D:9)
  6 water moccasins
  Duvessa (D:7)
  2 ice beasts (D:6)
  2 sky beasts
  5 orc warriors
  A black bear (D:6)
  Pargi (Sewer)
  2 ogres
  A centaur (D:5)
  3 phantoms (D:4)
  5 kobold brigands
  2 gnoll sergeants
  5 bullfrogs
  11 wights (D:8)
  Dowan (D:7)
  16 killer bees (D:9)
  3 howler monkeys
  4 hounds
  4 jellies
  4 orc priests
  2 gnoll boudas
  2 iguanas
  Natasha (D:3)
  2 sleepcaps (D:6)
  7 orc wizards
  9 adders
  20 gnolls
  2 river rats (D:4)
  A shadow imp (D:7)
  A white imp (D:7)
  An ufetubus (D:5)
  2 worms
  A dart slug (D:4)
  31 orcs
  11 ball pythons
  8 endoplasms
  7 giant cockroaches
  6 goblins
  4 hobgoblins
  8 jackals
  24 kobolds
  6 quokkas
  7 bats
  11 frilled lizards
  9 rats
295 creatures vanquished.

Notes
Turn   | Place    | Note
-------+----------+-------------------------------------------
     0 | D:1      | Newt the Demonspawn Gladiator began the quest for the Orb.
     0 | D:1      | Reached XP level 1. HP: 16/16 MP: 1/1
   285 | D:1      | Gained mutation: You are surrounded by a mild repulsion
                  | field. (EV +2) [demonic ancestry]
   285 | D:1      | Reached XP level 2. HP: 23/23 MP: 2/2
  1357 | D:2      | Reached XP level 3. HP: 29/29 MP: 3/3
  1548 | D:2      | Reached XP level 4. HP: 36/37 MP: 4/4
  2552 | D:3      | Gained mutation: A meltable shield of frost defends you.
                  | (SH +4) [demonic ancestry]
  2552 | D:3      | Reached XP level 5. HP: 10/42 MP: 5/5
  2957 | D:3      | Found a sacrificial altar of Ru.
  2958 | D:3      | Found a blossoming altar of Fedhas.
  2959 | D:3      | Found a burning altar of Makhleb.
  2965 | D:3      | Became a worshipper of Makhleb the Destroyer
  3380 | D:3      | Noticed Natasha
  3390 | D:3      | Killed Natasha
  3763 | D:4      | Found a glowing drain.
  3770 | Sewer    | Entered a sewer
  3850 | Sewer    | Noticed Pargi
  3887 | Sewer    | Killed Pargi
  3888 | Sewer    | Reached skill level 1 in Armour
  3888 | Sewer    | Gained mutation: You are surrounded by a moderate repulsion
                  | field. (EV +3) [demonic ancestry]
  3888 | Sewer    | Reached XP level 6. HP: 48/48 MP: 6/6
  3975 | Sewer    | Reached * piety under Makhleb
  4043 | D:4      | Identified 3 scrolls of acquirement
  4043 | D:4      | Acquired a +5 quick blade of flaming
  4047 | D:4      | Acquired a manual of Shields
  4049 | D:4      | Acquired 874 gold pieces
  4101 | D:4      | Noticed Edmund
  4117 | D:4      | Killed Edmund
  4512 | D:4      | Identified the +9 whip of Meugorota {venom, Fragile rF+++
                  | Str-2 Dex+5}
  4520 | D:4      | Reached XP level 7. HP: 54/54 MP: 7/7
  5062 | D:5      | Entered Level 5 of the Dungeon
  5146 | D:5      | Reached skill level 5 in Short Blades
  5160 | D:5      | Gained mutation: You have a pair of small horns on your
                  | head. [demonic ancestry]
  5160 | D:5      | Reached XP level 8. HP: 60/60 MP: 8/8
  5275 | D:5      | Found a broken altar of Ashenzari.
  5295 | D:5      | Found a bloodstained altar of Trog.
  5318 | D:5      | Reached ** piety under Makhleb
  6610 | D:6      | Gained mutation: A meltable icy envelope protects you from
                  | harm. (AC +4) [demonic ancestry]
  6610 | D:6      | Reached XP level 9. HP: 65/65 MP: 9/9
  6646 | D:6      | Found a staircase to the Ecumenical Temple.
  7144 | D:7      | Reached skill level 5 in Stealth
  7168 | D:7      | Reached *** piety under Makhleb
  7316 | D:7      | Noticed Duvessa
  7317 | D:7      | Noticed Dowan
  7332 | D:7      | Killed Dowan
  7336 | D:7      | Killed Duvessa
  8626 | D:8      | Reached **** piety under Makhleb
  8712 | D:8      | Identified the +2 scimitar of Valiance {heavy, rN+ Str+4}
  8734 | D:8      | Noticed a deep elf pyromancer
  8734 | D:8      | Noticed a deep elf pyromancer
  8735 | D:8      | Noticed a centaur warrior
  8753 | D:8      | Noticed a gargoyle
  8753 | D:8      | Noticed a troll
  8753 | D:8      | Noticed a centaur warrior
  8753 | D:8      | Noticed a manticore
  8764 | D:8      | Noticed a centaur warrior
  8771 | D:8      | Noticed a two-headed ogre
  8825 | D:8      | Reached XP level 10. HP: 70/71 MP: 10/10
  8981 | D:8      | Found an opulent altar of Gozag.
  9009 | D:8      | Found a basalt altar of Yredelemnul.
  9529 | D:9      | Reached skill level 10 in Stealth
  9635 | D:9      | Found a radiant altar of Vehumet.
  9882 | D:9      | Reached skill level 5 in Fighting
  9994 | D:9      | Noticed a two-headed ogre
 10032 | D:9      | Killed a two-headed ogre
 10380 | D:9      | Found a staircase to the Lair.
 10905 | D:9      | Noticed Harold
 10952 | D:9      | Killed Harold
 10953 | D:9      | Reached skill level 5 in Shields
 11028 | D:10     | Entered Level 10 of the Dungeon
 11060 | D:10     | Reached XP level 11. HP: 86/86 MP: 11/11
 12182 | Lair:1   | Entered Level 1 of the Lair of Beasts
 12971 | Lair:2   | Reached skill level 10 in Shields
 13292 | Lair:2   | Reached skill level 5 in Armour
 13301 | Lair:2   | Noticed a skyshark
 13353 | Lair:2   | HP: 4/86 [skyshark (8)]
 13354 | Lair:2   | Slain by a skyshark

Illustrated notes

Levels and vault maps discovered:
D:1:      heliophobic_arrival_enchanted_forest, layout_loops_corners,
          st_stairs_6
D:2:      layout_basic
D:3:      layout_basic, gammafunk_temple_overflow_claw, skrybe_limestone_x,
          uniq_natasha
D:4:      layout_basic, portal_sewer_entry_e, minmay_checkerbox, uniq_edmund
D:5:      layout_rooms, trog_three_pillars_becter, lemuel_crystal_altar
D:6:      layout_loops_ring, minmay_temple_entry_mist
D:7:      layout_loops_corners, serial_glass, glass_columns_a, glass_columns_c,
          uniq_duvessa
D:8:      layout_loops_ring, mainiacjoe_overflow_two_lobes, minivault_12
D:9:      layout_gridville, nicolae_vehumet_radiance, lair_entry_dummy,
          uniq_harold
D:10:     minmay_goldmine, layout_stronghold, serial_column_ruins,
          column_ruins_open_tiny_water, column_ruins_columns_straight,
          column_ruins_open_tiny, column_ruins_columns_straight,
          column_ruins_open_small
Lair:1:   layout_gridlike
Lair:2:   layout_hall_layers, infiniplex_staircase_pool_2, grunt_megastairs_3,
          lemuel_fruit_tree, uniq_sonja

Skill      XL: |  1  2  3  4  5  6  7  8  9 10 11 |
---------------+----------------------------------+-----
Fighting       | 3 4 8 |  8.0
Throwing       | 2 3 4 |  4.0
Dodging        | 4 |  4.0
Armour         | 1 3 4 5 |  5.8
Short Blades   | 5 8 |  8.0
Stealth        | 3 9 10 | 10.0
Shields        | 5 10 | 10.0

Action                     |  1- 3 |  4- 6 |  7- 9 | 10-12 || total
---------------------------+-------+-------+-------+-------++-------
  Melee: Rapier            |   119 |    30 |       |       ||   149
         Punch             |     2 |     3 |    10 |     6 ||    21
         Dagger            |       |   246 |       |       ||   246
         Quick blade       |       |    39 |   472 |   545 ||  1056
         Headbutt          |       |       |    83 |   133 ||   216
  Throw: Stone             |     7 |    24 |       |       ||    31
         Throwing net      |       |     5 |     1 |     3 ||     9
         Javelin           |       |     3 |     1 |       ||     4
         Dart              |       |       |     2 |       ||     2
    Use: Scroll            |     8 |     7 |     4 |     5 ||    24
         Potion            |       |     1 |     3 |     3 ||     7
   Stab: Sleeping          |     1 |       |     8 |    13 ||    22
         Held in net/web   |       |     1 |       |     3 ||     4
 Armour: Leather armour    |    38 |    29 |    24 |    19 ||   110
         Acid dragon scale |       |       |       |    28 ||    28
  Dodge: Dodged            |    93 |   139 |   130 |   169 ||   531
  Block: Other             |       |    18 |    33 |    26 ||    77
         Kite shield       |       |       |       |    96 ||    96

Table legend: (Time is in decaauts)
 A = Elapsed time spent in this place.
 B = Non-inter-level travel time spent in this place.
 C = Inter-level travel time spent in this place.
 D = Time resting spent in this place.
 E = Time spent auto-exploring this place.
 F = Levels seen in this place.
 G = Mean time per level.
                   A        B        C        D        E       F      G
               +--------+--------+--------+--------+--------+-----+--------+
         Total |  12581 |  12037 |    544 |   2661 |   7538 |  13 |  967.8 |
       Dungeon |  11210 |  10696 |    514 |   2642 |   6444 |  10 | 1121.0 |
          Lair |   1109 |   1079 |     30 |      0 |    945 |   2 |  554.5 |
         Sewer |    262 |    262 |      0 |     19 |    149 |   1 |  262.0 |
               +--------+--------+--------+--------+--------+-----+--------+

Top non-repeatable levels by time:
     D:9: 1518 daAuts
     D:1: 1356 daAuts
     D:3: 1272 daAuts
     D:8: 1245 daAuts
     D:4: 1240 daAuts
     D:6: 1144 daAuts
    D:10: 1044 daAuts
     D:7: 1025 daAuts
     D:2: 800 daAuts
  Lair:1: 737 daAuts
     D:5: 562 daAuts
  Lair:2: 371 daAuts
   Sewer: 262 daAuts
